 Dungeon Crawl Stone Soup version 0.30-a0-939-gc8157cb160 (webtiles) character file.

Game seed: 9729537376173675336

496 Iniera the Trooper (level 6, -4/50 HPs)
             Began as a Demonspawn Fighter on Mar 25, 2023.
             Slain by Menkaure (15 damage)
             ... on level 4 of the Dungeon.
             The game lasted 00:04:42 (2810 turns).

Iniera the Trooper (Demonspawn Fighter)             Turns: 2810, Time: 00:04:42

Health: -4/50      AC:  9    Str: 18    XL:     6   Next: 93%
Magic:  6/6        EV:  9    Int:  9    God:
Gold:   157        SH:  5    Dex: 13    Spells: 5/5 levels left

rFire   + . .      SeeInvis .    o - +1 quarterstaff (speed)
rCold   + . .      Faith    .    (shield currently unavailable)
rNeg    . . .      Spirit   .    d - +1 chain mail
rPois   +          Reflect  +    (no helmet)
rElec   +          Rampage  .    (no cloak)
rCorr   +                        (no gloves)
Will    .....                    (no boots) Stlth
                                 a - amulet of reflection
HPRegen 0.28/turn                v - ring of resist corrosion
MPRegen 0.10/turn                x - ring of flight

@: resistant, flying
A: foul stench 1, sturdy frame 2
a: no special abilities


You were on level 4 of the Dungeon.
You visited 1 branch of the dungeon, and saw 4 of its levels.
You also visited: Sewer.

You collected 157 gold pieces.

Inventory:

Hand Weapons
 o - a +1 quarterstaff of speed (weapon)
Armour
 d - a +1 chain mail (worn)
Jewellery
 a - an amulet of reflection (around neck)
 v - a ring of resist corrosion (left hand)
 x - a ring of flight (right hand)
Wands
 b - a wand of iceblast (15)
Scrolls
 c - a scroll of vulnerability
 h - a scroll of poison
 l - a scroll of identify
 n - 5 scrolls of teleportation {unknown}
 r - a scroll of fog {unknown}
 s - 2 scrolls of butterflies {unknown}
Potions
 e - a potion of mutation {unknown}
 f - a potion of magic
 g - a potion of resistance
 i - a potion of curing {unknown}
 j - a potion of cancellation {unknown}
 k - a potion of brilliance {unknown}
 m - a potion of flight {unknown}
 p - a potion of invisibility {unknown}
 q - 2 potions of attraction {unknown}
 t - a potion of heal wounds {unknown}
 u - 2 potions of degeneration {unknown}
 w - a potion of haste


   Skills:
 + Level 4.8 Fighting
 - Level 3.2(4.4) Maces & Flails
 * Level 4.7(5.2) Staves
 - Level 2.6 Armour
 - Level 2.6 Shields


You had 5 spell levels left.
You didn't know any spells.
Your spell library contained the following spells:

 Spells                   Type           Power      Damage    Failure   Level
 Kiss of Death            Conj/Necr      0%         2d5       86%         1
 Confusing Touch          Hex            0%         N/A       99%         3
 Dispel Undead            Necr           0%         3d6       100%        4


Dungeon Overview and Level Annotations

Branches:
Dungeon (4/15)              Sewer (visited)
 Temple: D:4-7

Altars:

Shops:
D:2 =

Annotations:
D:4 Menkaure


Innate Abilities, Weirdness & Mutations

You may rarely emit foul miasma when damaged in melee.
Your movements are less encumbered by armour. (ER -4)


Message History

You closely miss the phantom.
The phantom is heavily damaged.
You closely miss the phantom.
The phantom is heavily damaged.
You block the phantom's attack.
You barely miss the phantom.
The phantom is heavily damaged.
The phantom hits you but does no damage.
You hit the phantom.
The phantom is heavily damaged.
You closely miss the phantom.
The phantom is heavily damaged.
You block the phantom's attack.
You hit the phantom.
The phantom is severely damaged.
Menkaure casts a spell at you. Pain shoots through your body!
The phantom barely misses you.
You sock the phantom!
The phantom is almost destroyed.
Menkaure gestures at you while chanting.
Pain shoots through your body!
You barely miss the phantom.
The phantom is almost destroyed.
The phantom hits you but does no damage.
You hit the phantom.
You destroy the phantom!
Menkaure casts a spell at you. Pain shoots through your body!
Menkaure blazes with dark energy!
Menkaure calls on the powers of darkness!
Your body is wracked with pain!
* * * LOW HITPOINT WARNING * * *
You see here a +0 club.
It was a potion of resistance.
You feel protected.
It was a potion of magic.
Magic courses through your body.
Menkaure casts a spell.
Menkaure seems to speed up.
Menkaure hits you!
You die...

#......####.[##########
#..###...##..#.........
#.## ###.)#..........$.
#=# ###....#.........
).## #............?...
...# #.#####..........
##.####.# ####.######
##......# ##....)...##
.###....###.....@....#
................M.....#
#...###.##............#
#.### #.##............#
..# ###..........## ###
##...##.!.## #### ..##
..#


You could see Menkaure (fast).

Vanquished Creatures
  Duvessa (D:4)
  A phantom (D:4)
  Blork the orc (D:4)
  A scorpion (D:4)
  Dowan (D:4)
  A jelly (D:4)
  A hell rat (Sewer)
  2 adders (D:3)
  A river rat (Sewer)
  3 worms
  2 dart slugs
  3 orcs
  3 ball pythons
  8 bats
  8 endoplasms
  A giant cockroach (D:1)
  4 goblins
  3 hobgoblins
  3 kobolds
  4 quokkas
  4 frilled lizards
  10 rats
66 creatures vanquished.

Notes
Turn   | Place    | Note
-------+----------+-------------------------------------------
     0 | D:1      | Iniera the Demonspawn Fighter began the quest for the Orb.
     0 | D:1      | Reached XP level 1. HP: 18/18 MP: 1/1
   163 | D:1      | Gained mutation: You may rarely emit foul miasma when
                  | damaged in melee. [demonic ancestry]
   163 | D:1      | Reached XP level 2. HP: 24/24 MP: 2/2
   168 | D:1      | You fall into a shaft and drop 1 floor!
   359 | D:2      | Found Ycvasej's Jewellery Boutique.
   595 | D:1      | Gained mutation: Your movements are slightly less
                  | encumbered by armour. (ER -2) [demonic ancestry]
   595 | D:1      | Reached XP level 3. HP: 29/29 MP: 3/3
  1359 | D:3      | Found a glowing drain.
  1381 | Sewer    | Entered a sewer
  1409 | Sewer    | Reached skill level 1 in Staves
  1437 | Sewer    | Gained mutation: Your movements are less encumbered by
                  | armour. (ER -4) [demonic ancestry]
  1437 | Sewer    | Reached XP level 4. HP: 28/35 MP: 4/4
  2188 | D:4      | Noticed Duvessa
  2188 | D:4      | Noticed Dowan
  2196 | D:4      | Killed Duvessa
  2197 | D:4      | Reached XP level 5. HP: 3/42 MP: 5/5
  2197 | D:4      | Killed Dowan
  2398 | D:4      | Reached XP level 6. HP: 40/48 MP: 6/6
  2565 | D:4      | Noticed Blork the orc
  2577 | D:4      | Killed Blork the orc
  2793 | D:4      | Noticed Menkaure
  2810 | D:4      | Slain by Menkaure

Illustrated notes

Levels and vault maps discovered:
D:1:      evilmike_arrival_crescent, layout_rooms, nrook_uturn
D:2:      layout_basic, serial_shops, nicolae_square_shop, st_stairs_2
D:3:      layout_loops_ring, cheibrodos_sewer_entry_sluice
D:4:      layout_rooms, elyvilon_altar_4, uniq_duvessa, uniq_blork_the_orc,
          uniq_menkaure

Skill      XL: |  1  2  3  4  5  6 |
---------------+-------------------+-----
Maces & Flails | 2 3 |  3.2
Staves         | 1 3 4 |  4.7
Fighting       | 4 |  4.8
Armour         | |  2.6
Shields        | |  2.6

Action                     |  1- 3 |  4- 6 || total
---------------------------+-------+-------++-------
  Melee: Flail             |    82 |       ||    82
         Quarterstaff      |    49 |    99 ||   148
    Use: Potion            |       |     3 ||     3
         Scroll            |       |     4 ||     4
 Armour: Scale mail        |    63 |     9 ||    72
         Chain mail        |       |    12 ||    12
  Dodge: Dodged            |    61 |    33 ||    94
  Block: Buckler           |    18 |       ||    18
         Other             |       |     5 ||     5
         Reflection        |       |     1 ||     1

Table legend: (Time is in decaauts)
 A = Elapsed time spent in this place.
 B = Non-inter-level travel time spent in this place.
 C = Inter-level travel time spent in this place.
 D = Time resting spent in this place.
 E = Time spent auto-exploring this place.
 F = Levels seen in this place.
 G = Mean time per level.
                   A        B        C        D        E       F      G
               +--------+--------+--------+--------+--------+-----+--------+
         Total |   2814 |   2730 |     84 |    141 |   2088 |   5 |  562.8 |
       Dungeon |   2656 |   2572 |     84 |    141 |   1997 |   4 |  664.0 |
         Sewer |    157 |    157 |      0 |      0 |     91 |   1 |  157.0 |
               +--------+--------+--------+--------+--------+-----+--------+

Top non-repeatable levels by time:
     D:3: 827 daAuts
     D:1: 702 daAuts
     D:2: 664 daAuts
     D:4: 462 daAuts
   Sewer: 157 daAuts
